 Dungeon Crawl Stone Soup version 0.30.0-10-gfe55d96785 (webtiles) character file.

Game seed: 5708973448018164342

331 jasper the Stinger (level 6, 0/28 HPs)
             Began as a Spriggan Venom Mage on May 15, 2023.
             Killed by divine providence
             ... invoked by an orc priest
              (12 damage)
             ... on level 3 of the Dungeon.
             The game lasted 00:06:02 (3244 turns).

jasper the Stinger (Spriggan Venom Mage)            Turns: 3244, Time: 00:06:03

Health: 0/28       AC:  4    Str:  4    XL:     6   Next: 26%
Magic:  4/11       EV: 17    Int: 18    God:
Gold:   169        SH:  0    Dex: 16    Spells: 1/11 levels left

rFire   + . .        o - +1 dagger (elec)
rCold   . . .        (no shield)
rNeg    . . .        l - +1 robe {rF+}
rPois   .            p - +1 hat
rElec   .            (no cloak)
rCorr   .            (gloves unavailable)
SInv    +            (boots unavailable)
Will    +....        (no amulet)
Stlth   ++           (no ring)
HPRegen 0.24/turn    (no ring)
MPRegen 0.12/turn

%: no passive effects
@: very quick
A: very small, no large weapons, unfitting armour, see invisible, speed 3
a: no special abilities


You were on level 3 of the Dungeon.
You visited 1 branch of the dungeon, and saw 3 of its levels.

You collected 169 gold pieces.

Inventory:

Hand Weapons
 i - a +0 dagger
 m - a +0 dagger
 o - a +1 dagger of electrocution (weapon)
Missiles
 j - 16 poisoned darts
 k - 4 silver boomerangs
Armour
 a - a +0 robe
 l - a +1 robe of fire resistance (worn)
 n - a +0 buckler
 p - a +1 hat (worn)
Magical Staves
 q - a staff of conjuration
Scrolls
 c - a scroll of enchant weapon
 f - a scroll of enchant armour {unknown}
 t - a scroll of noise {unknown}
Potions
 b - a potion of magic
 d - a potion of attraction
 e - 5 potions of haste
 g - 3 potions of degeneration
 h - a potion of mutation {unknown}
 r - a potion of lignification {unknown}
 s - a potion of heal wounds {unknown}
 u - a potion of resistance {unknown}


   Skills:
 - Level 2.6 Dodging
 - Level 3.0 Stealth
 + Level 3.2 Spellcasting
 - Level 1.3 Transmutations
 - Level 7.0 Poison Magic


You had one spell level left.
You knew the following spells:

 Your Spells              Type           Power      Damage    Failure   Level
a - Sting                 Tmut/Pois      68%        1d6       3%          1
b - Poisonous Vapours     Pois/Air       30%        N/A       6%          2
c - Mephitic Cloud        Conj/Pois/Air  11%        N/A       19%         3
d - Olgreb's Toxic Radia  Pois           28%        N/A       9%          4

Your spell library contained the following spells:

 Spells                   Type           Power      Damage    Failure   Level
 Sandblast                Erth           4%         2d4       16%         1
 Passwall                 Tmut/Erth      4%         N/A       19%         2
 Stone Arrow              Conj/Erth      4%         3d7       43%         3
 Passage of Golubria      Tloc           2%         N/A       85%         4
 Silence                  Hex/Air        1%         N/A       99%         5
 Lehudib's Crystal Spear  Conj/Erth      1%         10d2      100%        8


Dungeon Overview and Level Annotations

Branches:
Dungeon (3/15)

Altars:

Annotations:
D:3 2 transporters


Innate Abilities, Weirdness & Mutations

You are very small and have problems with some larger weapons.
You are too small for most types of armour.
You have supernaturally acute eyesight. (SInv)
You cover ground extremely quickly. (Speed+++)


Message History

The spell is extremely dangerous to miscast (10% risk of failure)!
Continue anyway?
You begin to radiate toxic energy.
The orc priest looks even sicker.
The orc wizard looks even sicker.
You kill the hobgoblin!
You now have 3/11 mp.
The endoplasm misses you.
Your toxic aura wanes.
You hit the orc wizard.
The orc wizard is severely wounded.
The endoplasm jiggles.
The orc wizard hits you with a +0 dagger.
The endoplasm closely misses you.
You take 2 damage, and have 26/28 hp.
You barely miss the orc wizard.
The orc wizard is severely wounded.
The orc wizard hits you with a +0 dagger.
The orc priest invokes the aid of Beogh against you.
Beogh smites you! The endoplasm barely misses you.
You take 10 damage, and have 16/28 hp.
MASSIVE DAMAGE!!
You hit the orc wizard but do no damage.
The orc wizard is severely wounded.
The endoplasm freezes you.
You are frozen.
The orc wizard misses you.
The endoplasm hits you but does no damage.
You take 2 damage, and have 14/28 hp.
You hit the orc wizard but do no damage.
Lightning courses through the orc wizard!
You kill the orc wizard!
The endoplasm misses you.
The orc priest hits you with a +0 dagger.
The endoplasm freezes you.
You are frozen.
Your Spellcasting skill increases to level 3!
You take 3 damage, and have 11/28 hp.
There is an open door here.
Things that are here:
a +0 dagger; a +0 robe The orc priest mumbles some strange prayers to Beogh against you.
Beogh smites you!
You die...

...).........#......###...
.............#............
...........>.#............
.......)o....#............
.......)#J#####'#####.....
$....).†#J# #.....'.....
........#.# #######.....
........#.# #...........
#########@# #.##########
#.# #.# #.#####.#
#.......# #########


You could see an orc priest (poisoned) and 2 endoplasms.

Vanquished Creatures
  Sigmund (D:3)
  An orc priest (D:3)
  Jessica (D:3)
  2 orc wizards (D:3)
  2 dart slugs
  10 orcs
  7 endoplasms
  3 giant cockroaches
  6 goblins
  9 hobgoblins
  2 jackals (D:1)
  A quokka (D:1)
  3 ball pythons
  5 bats
  4 kobolds
  2 rats
59 creatures vanquished.

Notes
Turn   | Place    | Note
-------+----------+-------------------------------------------
     0 | D:1      | jasper the Spriggan Venom Mage began the quest for the Orb.
     0 | D:1      | Reached XP level 1. HP: 9/9 MP: 5/5
   360 | D:1      | Reached XP level 2. HP: 13/13 MP: 2/6
   600 | D:1      | Reached skill level 4 in Poison Magic
  1038 | D:1      | Reached XP level 3. HP: 16/16 MP: 4/8
  1349 | D:1      | Learned a level 2 spell: Poisonous Vapours
  1353 | D:1      | Learned a level 3 spell: Mephitic Cloud
  2424 | D:3      | Noticed Sigmund
  2451 | D:3      | Killed Sigmund
  2452 | D:3      | Reached skill level 6 in Poison Magic
  2452 | D:3      | Reached XP level 4. HP: 19/21 MP: 0/9
  2452 | D:3      | Reached XP level 5. HP: 22/24 MP: 0/10
  2584 | D:3      | Found a transporter.
  2596 | D:3      | Found a transporter.
  2617 | D:3      | Found a faded altar of an unknown god.
  2680 | D:3      | Noticed Jessica
  2689 | D:3      | Killed Jessica
  2895 | D:3      | Reached XP level 6. HP: 26/28 MP: 1/11
  3058 | D:3      | Learned a level 4 spell: Olgreb's Toxic Radiance
  3229 | D:3      | Reached skill level 7 in Poison Magic
  3244 | D:3      | Killed from afar by an orc priest

Illustrated notes

Levels and vault maps discovered:
D:1:      spicycebolla_arrival_risky_transporter, layout_basic
D:2:      layout_basic
D:3:      gammafunk_wand_slinger, layout_basic, nicolae_vehumet_altar_sigil,
          serial_glass, glass_columns_b, glass_columns_c,
          shapermc_ecumenical_altar_venn, uniq_jessica, uniq_sigmund

Skill      XL: |  1  2  3  4  5  6 |
---------------+-------------------+-----
Poison Magic   | 4 6 7 |  7.0
Spellcasting   | 3 |  3.2
Dodging        | |  2.6
Stealth        | |  3.0
Transmutations | |  1.3

Action                     |  1- 3 |  4- 6 || total
---------------------------+-------+-------++-------
  Melee: Unarmed           |     7 |       ||     7
         Dagger            |     3 |    27 ||    30
         Punch             |     1 |       ||     1
   Cast: Sting             |    77 |     8 ||    85
         Poisonous Vapours |    13 |     8 ||    21
         Olgreb's Toxic Ra |       |     3 ||     3
    Use: Scroll            |     9 |       ||     9
   Stab: Sleeping          |       |     1 ||     1
 Armour: Robe              |     4 |     5 ||     9
  Dodge: Dodged            |    26 |    21 ||    47
